 Dungeon Crawl Stone Soup version 0.14.0-15-g6b16f67 (webtiles) character file.

302 Qrupt the Chopper (level 5, -1/48 HPs)
             Began as a Hill Orc Berserker on Apr 18, 2014.
             Was a Priest of Trog.
             Succumbed to an adder's poison
             ... on Level 3 of the Dungeon.
             The game lasted 00:08:26 (3654 turns).

Qrupt the Chopper (Hill Orc Berserker)              Turns: 3654, Time: 00:08:26

HP  -1/48        AC  2     Str 21      XL: 5   Next: 74%
MP   5/5         EV 12     Int  7      God: Trog [***...]
Gold 107         SH  0     Dex 10      Spells:  0 memorised,  4 levels left

rFire  . . .     SeeInvis .     a - +0 hand axe
rCold  . . .     Clarity  +     b - +0 animal skin
rNeg   . . .     Conserve .     (no shield)
rPois  .         rCorr    .     (no helmet)
rElec  .         rRot     .     (no cloak)
SustAb . .       Spirit   .     (no gloves)
rMut   .         Warding  .     (no boots)
Saprov + . .     Stasis   .     m - amulet of clarity {unknown}
MR     .....                    (no ring)
                                (no ring)

@: exhausted, lethally poisoned, hasted and slowed, not resistant to hostile
enchantments, unstealthy
A: saprovore 1
a: Burn Spellbooks, Berserk, Trog's Hand, Renounce Religion


You were on level 3 of the Dungeon.
You worshipped Trog.
Trog was most pleased with you.
You were very hungry.

You visited 1 branch of the dungeon, and saw 3 of its levels.

You collected 107 gold pieces.

Inventory:

Hand weapons
 a - a +0,+0 hand axe (weapon)
Armour
 b - a +0 animal skin (worn)
Comestibles
 c - a meat ration
 d - a rotting chunk of orc flesh
 f - 2 bread rations
 n - a choko
Scrolls
 e - 2 scrolls of blinking {unknown}
 g - 4 scrolls of remove curse {unknown}
 h - a scroll of fog {unknown}
 i - a scroll of identify {unknown}
 j - a scroll of magic mapping {unknown}
 o - 2 scrolls of enchant weapon II {unknown}
 p - a scroll of noise {unknown}
 r - a scroll of recharging {unknown}
Jewellery
 m - an amulet of clarity (around neck) {unknown}
Potions
 q - a potion of agility {unknown}
 s - a potion of magic {unknown}


   Skills:
 + Level 5.2 Fighting
 + Level 5.7 Axes
 + Level 4.0 Armour
 - Level 1.5 Dodging


You had 4 spell levels left.
You didn't know any spells.

Dungeon Overview and Level Annotations

Branches:
Dungeon (3/15)

Altars:
Elyvilon
Okawaru
Vehumet


Innate Abilities, Weirdness & Mutations

You can tolerate rotten meat.


Message History

* * * LOW HITPOINT WARNING * * *
You miss the adder.
The adder is heavily wounded.
You feel sick. The adder closely misses you. The adder bites you.
* * * LOW HITPOINT WARNING * * *
You barely miss the adder.
The adder is heavily wounded.
You feel sick. The adder closely misses you. The adder closely misses you.
You hit the adder.
The adder is severely wounded.
You feel sick. The adder barely misses you. The adder barely misses you.
You closely miss the adder.
The adder is heavily wounded.
The adder bites you.
* * * LOW HITPOINT WARNING * * *
You are more poisoned.
The adder poisons you! The adder misses you.
Drink which item? (? for menu, Esc to quit)
You feel yourself speed up.
It was a potion of haste.
You die...

#####".........##.#.........
.o..o..#.#.......#.#.#.####.#
#o..o...................
#####.......####.##.)...
##.....##.......##.#
##....##.......#..#
#..#.......(..#.##
#)##..........#.#
#@##..........#.#
#####.####S##.#.....<..#.#
.........)....#........#.#
#####.#########.###.####.#
#.# ..# #.## #.# ### #... #.#
#### #... ##..#


You could see an adder.

Vanquished Creatures
  An orc wizard (D:3)
  An orc priest (D:3)
  5 adders
  3 worms
  7 orcs (D:3)
  6 goblins
  5 hobgoblins
  11 jackals
  A ball python (D:3)
  10 bats
  3 giant cockroaches
  2 giant geckos
  3 giant newts (D:1)
  6 kobolds
  9 rats
73 creatures vanquished.

Notes
Turn   | Place    | Note
--------------------------------------------------------------
     0 | D:1      | Qrupt, the Hill Orc Berserker, began the quest for the Orb.
     0 | D:1      | Reached XP level 1. HP: 19/19 MP: 1/1
   192 | D:1      | Reached XP level 2. HP: 24/27 MP: 2/2
   727 | D:1      | Acquired Trog's second power
  1424 | D:2      | Reached XP level 3. HP: 34/34 MP: 3/3
  1765 | D:2      | Found a radiant altar of Vehumet.
  2557 | D:2      | Reached XP level 4. HP: 21/41 MP: 4/4
  2752 | D:2      | Found an iron altar of Okawaru.
  2752 | D:2      | Found a white marble altar of Elyvilon.
  3277 | D:3      | Reached skill level 5 in Fighting
  3277 | D:3      | Reached skill level 5 in Axes
  3279 | D:3      | Reached XP level 5. HP: 48/48 MP: 5/5
  3653 | D:3      | HP: 1/48 [adder (5)]
  3654 | D:3      | Succumbed to an adder's poison

Action                   |  1- 3 |  4- 6 || total
-------------------------+-------+-------++-------
Melee: Hand axe          |   161 |   136 ||   297
Invok: Berserk           |     1 |     3 ||     4
  Use: Potion            |     1 |     2 ||     3
